 Dungeon Crawl Stone Soup version 0.21.1-1-g345015f (webtiles) character file.

130 tidbits the Stinger (level 5, 0/37 HPs)
             Began as a Gnoll Venom Mage on Feb 14, 2018.
             Slain by a hound (6 damage)
             ... on level 4 of the Dungeon.
             The game lasted 00:04:47 (388 turns).

tidbits the Stinger (Gnoll Venom Mage)               Turns: 388, Time: 00:04:48

Health: 0/37       AC:  4    Str: 11    XL:     5   Next: 13%
Magic:  5/12       EV: 15    Int: 18    God:
Gold:   25         SH:  0    Dex: 15    Spells: 11/14 levels left

rFire    + . .     SeeInvis .   a - +0 dagger
rCold    . . .     Gourm    .   (no shield)
rNeg     . . .     Faith    .   B - +0 robe
rPois    .         Spirit   .   (no helmet)
rElec    .         Reflect  .   (no cloak)
rCorr    .         Harm     .   G - +0 pair of gloves
MR       .....                  F - +0 pair of boots
Stlth    +++.......             (no amulet)
HPRegen  0.12/turn              f - ring of protection from fire
MPRegen  0.13/turn              (no ring)

@: no status effects
A: distributed training, fangs 1, strong nose
a: no special abilities


You were on level 4 of the Dungeon.
You were not hungry.

You visited 1 branch of the dungeon, and saw 5 of its levels.

You collected 25 gold pieces.

Inventory:

Hand Weapons
 a - a +0 dagger (weapon)
Armour
 B - a +0 robe (worn)
 F - a +0 pair of boots (worn)
 G - a +0 pair of gloves (worn)
Jewellery
 f - a ring of protection from fire (left hand)
   (You found it on level 3 of the Dungeon)
Books
 b - a Young Poisoner's Handbook

   Spells                             Type                      Level
   a - Sting                          Conjuration/Poison           1
   b - Poisonous Vapours              Poison/Air                   2
   c - Mephitic Cloud                 Conjuration/Poison/Air       3
   d - Olgreb's Toxic Radiance        Poison                       4
   e - Venom Bolt                     Conjuration/Poison           5
 d - a book of Maledictions
   (You found it on level 3 of the Dungeon)

   Spells                             Type                      Level
   a - Corona                         Hexes                        1
   b - Ensorcelled Hibernation        Hexes/Ice                    2
   c - Confuse                        Hexes                        3
   d - Tukima's Dance                 Hexes                        3
   e - Dazzling Spray                 Conjuration/Hexes            3
Comestibles
 c - a ration
 g - a chunk of flesh


   Skills:
 + Level 1.3 Fighting
 + Level 1.3 Short Blades
 + Level 1.3 Long Blades
 + Level 1.3 Axes
 + Level 1.3 Maces & Flails
 + Level 1.3 Polearms
 + Level 1.3 Staves
 + Level 1.3 Slings
 + Level 1.3 Bows
 + Level 1.3 Crossbows
 + Level 1.3 Throwing
 + Level 1.3 Armour
 + Level 4.7 Dodging
 + Level 4.3 Stealth
 + Level 1.3 Shields
 + Level 1.3 Unarmed Combat
 + Level 5.1 Spellcasting
 + Level 2.3 Conjurations
 + Level 1.1 Hexes
 + Level 1.1 Charms
 + Level 1.1 Summonings
 + Level 1.1 Necromancy
 + Level 1.1 Translocations
 + Level 1.1 Transmutations
 + Level 1.1 Fire Magic
 + Level 1.1 Ice Magic
 + Level 1.1 Air Magic
 + Level 1.1 Earth Magic
 + Level 5.5 Poison Magic
 + Level 1.5 Invocations
 + Level 1.3 Evocations


You had 11 spell levels left.
You knew the following spells:

 Your Spells              Type           Power        Failure   Level  Hunger
a - Sting                 Conj/Pois      ###.         2%          1    None
o - Poisonous Vapours     Pois/Air       ###...       4%          2    #......


Dungeon Overview and Level Annotations

Branches:
Dungeon (5/15)
 Temple: D:4-7

Altars:
Kikubaaqudgha
Ru

Annotations:
D:2 Terence


Innate Abilities, Weirdness & Mutations

Your experience applies equally to all skills.
You have very sharp teeth.
Your uncanny sense of smell can sniff out nearby items.


Message History

There are no objects that can be picked up here. a hound corpse; an adder corpse; a frilled lizard corpse Unknown command.
Butcher a frilled lizard corpse? [(y)es/(c)hoosy/(n)o/(a)ll/(e)dible/(q)uit/?]
Butcher a hound corpse? [(y)es/(c)hoosy/(n)o/(a)ll/(e)dible/(q)uit/?]
Okay, then.
You butcher the frilled lizard corpse.
Things that are here:
a hound corpse; an adder corpse; a chunk of flesh Unknown command.
g - a chunk of flesh
Found a stone staircase leading down.
Found 5 needles of confusion.
Found 11 gold pieces.
Found 14 gold pieces.
Found an escape hatch in the ceiling.
An orc wizard comes into view. It is wielding a dagger.
Casting: Sting
Confirm with . or Enter, or press ? or * to list all spells.
Aiming: Poisonous Vapours
Press: ? - help, Dir - move target cursor, f - orc wizard
Aim: an orc wizard, wielding a dagger and wearing a robe Poisonous vapours surround the orc wizard!
The orc wizard is engulfed in poison gas.
The orc wizard is poisoned.
You see here 11 gold pieces.
Casting: Poisonous Vapours
Confirm with . or Enter, or press ? or * to list all spells.
Aiming: Sting
Press: ? - help, Shift-Dir - straight line, f/p - orc wizard
Aim: an orc wizard, wielding a dagger and wearing a robe (heavily wounded, poisoned)
The sting misses the orc wizard.
You now have 11 gold pieces.
You hit the orc wizard.
The orc wizard is severely wounded.
The orc wizard misses you.
You hit the orc wizard but do no damage.
The orc wizard is almost dead.
The orc wizard gestures wildly while chanting.
The orc wizard flickers and vanishes!
Unknown command.
You hit something but do no damage. Something hits you.
* * * LOW HITPOINT WARNING * * *
You hit something.
You have reached level 5!
You feel a bit more experienced.
Things that are here:
a dagger; a robe; an orc corpse You see here 14 gold pieces.
You now have 25 gold pieces (gained 14).
There is a stone staircase leading down here.
You climb downwards.
An ooze comes into view.
Found a plate armour.
Found a stone staircase leading down.
There is a stone staircase leading up here.
As you read the scroll labeled FUAMNE DUSONN, it crumbles to dust.
The creatures around you are filled with an inner flame!
It was a scroll of immolation.
Unknown command.
You climb upwards.
There is a stone staircase leading down here.
Unknown command.
A hound comes into view.
Casting: Sting
Confirm with . or Enter, or press ? or * to list all spells.
Aiming: Poisonous Vapours
Press: ? - help, Dir - move target cursor, f - hound
Aim: a hound (resting) Poisonous vapours surround the hound!
The hound barks!
The hound is engulfed in poison gas.
The hound is poisoned.
Casting: Poisonous Vapours
Confirm with . or Enter, or press ? or * to list all spells.
Aiming: Poisonous Vapours
Press: ? - help, Dir - move target cursor, f/p - hound
Aim: a hound (moderately wounded, poisoned) Poisonous vapours surround the hound!
The hound is engulfed in poison gas.
The hound looks even sicker.
The hound bites you but does no damage.
You hit the hound but do no damage.
The hound is severely wounded.
The hound bites you.
* * * LOW HITPOINT WARNING * * *
The hound bites you but does no damage.
You hit the hound.
The hound is almost dead.
The hound bites you.
* * * LOW HITPOINT WARNING * * *
You hit the hound but do no damage.
The hound is almost dead.
The hound barely misses you.
You hit the hound but do no damage.
The hound is almost dead.
The hound bites you.
* * * LOW HITPOINT WARNING * * *
The hound bites you but does no damage.
You barely miss the hound.
The hound is almost dead.
The hound bites you.
You die...

#.# .# . ∆#.##### ##.#.#
#.....# #..... ##.###.#
#.##.# #..# #.# ###.##..
#..# #.# #...#...
##.####.####.#..# #
####.#...............###
.......h@##.#.######....>
#####.........# ##....
####.##.#.# ###.#
#.##.#.# #.# #.## #.# #.#
#.# #.# #.. ### #. #..
######. .......<


You could see a hound.

Vanquished Creatures
  A howler monkey (D:4)
  A hound (D:4)
  An orc wizard (D:4)
  2 adders (D:4)
  An adder skeleton (D:4)
  A leopard gecko (D:2)
  3 goblins
  A hobgoblin (D:1)
  4 frilled lizards
  A kobold (D:1)
  A rat (D:2)
17 creatures vanquished.

Notes
Turn   | Place    | Note
-------+----------+-------------------------------------------
     0 | D:1      | tidbits the Gnoll Venom Mage began the quest for the Orb.
     0 | D:1      | Reached XP level 1. HP: 13/13 MP: 6/6
    85 | D:1      | Reached skill level 2 in Conjurations
    99 | D:1      | Reached XP level 2. HP: 11/19 MP: 1/7
   106 | D:1      | Learned a level 2 spell: Poisonous Vapours
   131 | D:2      | Noticed Terence
   166 | D:3      | Found an ancient bone altar of Kikubaaqudgha.
   269 | D:4      | Noticed a howler monkey
   272 | D:4      | Found a sacrificial altar of Ru.
   284 | D:4      | Reached skill level 5 in Spellcasting
   284 | D:4      | Reached XP level 3. HP: 20/25 MP: 5/9
   295 | D:4      | Reached skill level 1 in Fighting
   295 | D:4      | Reached skill level 1 in Short Blades
   295 | D:4      | Reached skill level 1 in Long Blades
   295 | D:4      | Reached skill level 1 in Axes
   295 | D:4      | Reached skill level 1 in Maces & Flails
   295 | D:4      | Reached skill level 1 in Polearms
   295 | D:4      | Reached skill level 1 in Staves
   295 | D:4      | Reached skill level 1 in Slings
   295 | D:4      | Reached skill level 1 in Bows
   295 | D:4      | Reached skill level 1 in Crossbows
   295 | D:4      | Reached skill level 1 in Throwing
   295 | D:4      | Reached skill level 1 in Armour
   295 | D:4      | Reached skill level 1 in Shields
   295 | D:4      | Reached skill level 1 in Unarmed Combat
   295 | D:4      | Reached skill level 1 in Invocations
   295 | D:4      | Reached skill level 1 in Evocations
   295 | D:4      | Reached XP level 4. HP: 18/32 MP: 1/11
   297 | D:4      | Reached skill level 1 in Hexes
   297 | D:4      | Reached skill level 1 in Charms
   297 | D:4      | Reached skill level 1 in Summonings
   297 | D:4      | Reached skill level 1 in Necromancy
   297 | D:4      | Reached skill level 1 in Translocations
   297 | D:4      | Reached skill level 1 in Transmutations
   297 | D:4      | Reached skill level 1 in Fire Magic
   297 | D:4      | Reached skill level 1 in Ice Magic
   297 | D:4      | Reached skill level 1 in Air Magic
   297 | D:4      | Reached skill level 1 in Earth Magic
   339 | D:4      | Reached XP level 5. HP: 9/37 MP: 2/12
   355 | D:5      | Entered Level 5 of the Dungeon
   388 | D:4      | Slain by a hound

Skill      XL: |  1  2  3  4 |
---------------+-------------+-----
Conjurations   | 2 |  2.3
Spellcasting   | 5 |  5.1
Fighting       | 1 |  1.3
Short Blades   | 1 |  1.3
Long Blades    | 1 |  1.3
Axes           | 1 |  1.3
Maces & Flails | 1 |  1.3
Polearms       | 1 |  1.3
Staves         | 1 |  1.3
Slings         | 1 |  1.3
Bows           | 1 |  1.3
Crossbows      | 1 |  1.3
Throwing       | 1 |  1.3
Armour         | 1 |  1.3
Shields        | 1 |  1.3
Unarmed Combat | 1 |  1.3
Invocations    | 1 |  1.5
Evocations     | 1 |  1.3
Hexes          | 1 |  1.1
Charms         | 1 |  1.1
Summonings     | 1 |  1.1
Necromancy     | 1 |  1.1
Translocations | 1 |  1.1
Transmutations | 1 |  1.1
Fire Magic     | 1 |  1.1
Ice Magic      | 1 |  1.1
Air Magic      | 1 |  1.1
Earth Magic    | 1 |  1.1
Dodging        | |  4.7
Stealth        | |  4.3
Poison Magic   | |  5.5

Action                   |  1- 3 |  4- 6 || total
-------------------------+-------+-------++-------
Melee: Dagger            |    26 |    29 ||    55
       Bite              |     2 |     4 ||     6
       Unarmed           |     1 |       ||     1
 Cast: Sting             |    16 |     2 ||    18
       Poisonous Vapours |     3 |     3 ||     6
  Use: Scroll            |     1 |     1 ||     2
 Stab: Sleeping          |     2 |       ||     2
Armor: Robe              |     4 |     6 ||    10
Dodge: Dodged            |    17 |    15 ||    32

Table legend:
 A = Turns spent in this place as a percentage of turns spent in the entire game.
 B = Non-inter-level travel turns spent in this place as a percentage of non-inter-level travel turns spent in the entire game.
 C = Inter-level travel turns spent in this place as a percentage of turns spent in this place.
 D = Turns resting spent in this place as a percentage of non-inter-level travel turns spent in this place.
 E = Turns spent auto-exploring this place as a percentage of non-inter-level travel turns spent in this place.
 F = Non-inter-level travel turns spent in this place divided by the number of levels of this place that you've seen.
                   A       B       C       D       E      F
               +-------+-------+-------+-------+-------+----------------------
         Total | 100.0 | 100.0 |   0.0 |   0.0 |   0.0 |  77.6
       Dungeon | 100.0 | 100.0 |   0.0 |   0.0 |   0.0 |  77.6
               +-------+-------+-------+-------+-------+----------------------

Table legend:
 A = Kills in this place as a percentage of kills in entire the game.
 B = Kills by you in this place as a percentage of kills by you in the entire game.
 C = Kills by friends in this place as a percentage of kills by friends in the entire game.
 D = Other kills in this place as a percentage of other kills in the entire game.
 E = Experience gained in this place as a percentage of experience gained in the entire game.
 F = Experience gained in this place divided by the number of levels of this place that you have seen.
                   A       B       C       D       E      F
               +-------+-------+-------+-------+-------+----------------------
         Total | 100.0 | 100.0 |   N/A |   N/A | 100.0 |  37.2
       Dungeon | 100.0 | 100.0 |   N/A |   N/A | 100.0 |  37.2
               +-------+-------+-------+-------+-------+----------------------

Vault maps used:
D:1:      evilmike_arrival_crescent, feat_on_display
D:2:      fiery_altar_vehumet, uniq_terence
D:3:      kiku_gazebo_pond_becter
D:4:      kennysheep_little_box, minitemple, uniq_crazy_yiuf_cottage
D:5:      cheibrodos_iron_armory, first_ration
